 Dungeon Crawl Stone Soup version 0.29-a0-757-g358383bc75 (webtiles) character file.

Game seed: 16376266208860257402

6946 elite277 the Destroyer (level 11, -2/83 HPs)
             Began as a Human Conjurer on June 30, 2022.
             Was a High Priest of Qazlal.
             Slain by a white draconian
             ... wielding a +0 battleaxe
              (22 damage)
             ... in an ice cave.
             The game lasted 01:21:30 (13231 turns).

elite277 the Destroyer (Human Conjurer)            Turns: 13231, Time: 01:21:31

Health: -2/83      AC: 13    Str: 10    XL:     11   Next: 28%
Magic:  5/21       EV: 14    Int: 27    God:    Qazlal [*****.]
Gold:   384        SH:  6    Dex: 17    Spells: 5/24 levels left

rFire   . . .      SeeInvis .   q - +9 whip (elec)
rCold   + . .      Faith    +   P - orb {*channel}
rNeg    . . .      Spirit   .   v - +2 robe {rC+}
rPois   .          Reflect  .   (no helmet)
rElec   .          Harm     .   L - +2 cloak
rCorr   .          Rampage  .   M - +2 pair of gloves
Will    .....                   (no boots)
Stlth   +.........              t - amulet of faith
HPRegen 0.23/turn               E - +6 ring of intelligence
MPRegen 0.17/turn               H - +6 ring of dexterity

@: protected from physical damage, repel missiles
A: no striking features
a: Renounce Religion, Upheaval, Elemental Force, Disaster Area


You were in an ice cave.
You worshipped Qazlal.
Qazlal was extremely pleased with you.
You visited 3 branches of the dungeon, and saw 10 of its levels.
You also visited: Ossuary, Bailey and Ice Cave.

You collected 589 gold pieces.
You spent 205 gold pieces at shops.

Inventory:

Hand Weapons
 d - a +1 spectral quarterstaff
 q - a +9 whip of electrocution (weapon)
 G - the +8 sling of Scorching Slow Death {speed, Int+7 Dex-4 SInv Stlth+}
   (You found it on level 5 of the Dungeon)

   Attacks with this weapon are significantly faster.
   Int:       It affects your intelligence (+7).
   Dex:       It affects your dexterity (-4).
   SInv:      It lets you see invisible.
   Stlth:     It makes you more stealthy.
Missiles
 m - 7 poisoned darts
 I - 32 stones
Armour
 e - a +1 robe of cold resistance
 f - a +1 scale mail of fire resistance
 v - a +2 robe of cold resistance (worn)
 B - a +3 leather armour
 L - a +2 cloak (worn)
 M - a +2 pair of gloves (worn)
 P - an orb of energy (worn)
 S - a +0 pair of boots of rampaging
 T - a +0 cloak of cold resistance
Magical Staves
 D - a staff of poison
Jewellery
 c - a ring of protection from cold
 t - an amulet of faith (around neck)
 w - a ring of poison resistance
 E - a +6 ring of intelligence (left hand)
 H - a +6 ring of dexterity (right hand)
Wands
 s - a wand of mindburst (14)
 u - a wand of charming (27)
 x - a wand of polymorph (9)
 C - a wand of flame (12)
 F - a wand of iceblast (8)
Scrolls
 g - a scroll of fear
 k - 8 scrolls of teleportation
 o - 3 scrolls of fog
 r - a scroll of brand weapon
 y - 3 scrolls of vulnerability
 z - 2 scrolls of noise
 J - a scroll of immolation
 N - 2 scrolls of magic mapping
 R - a scroll of enchant armour
Potions
 a - 3 potions of mutation
 i - a potion of heal wounds
 j - a potion of attraction
 l - 5 potions of curing
 p - a potion of degeneration
 A - 3 potions of might
 K - a potion of lignification
 O - a potion of resistance


   Skills:
 + Level 6.4 Fighting
 + Level 1.9 Short Blades
 + Level 2.8 Maces & Flails
 - Level 6.2 Ranged Weapons
 + Level 1.3 Throwing
 + Level 5.0 Dodging
 - Level 4.0 Stealth
 + Level 2.3 Shields
 + Level 7.1 Spellcasting
 + Level 8.2 Conjurations
 + Level 3.5 Hexes
 + Level 3.5 Fire Magic
 + Level 0.4 Evocations


You had 5 spell levels left.
You knew the following spells:

 Your Spells              Type           Power      Damage    Failure   Level
a - Magic Dart            Conj           100%       1d8       1%          1
b - Searing Ray           Conj           100%       2d8       1%          2
c - Dazzling Flash        Conj/Hex       82%        N/A       1%          3
d - Fulminant Prism       Conj/Hex       20%        3d13      5%          4
e - Flame Wave            Conj/Fire      41%        2d9       4%          4
f - Fireball              Conj/Fire      20%        3d10      14%         5

Your spell library contained the following spells:

 Spells                   Type           Power      Damage    Failure   Level
 Scorch                   Fire           56%        2d7       1%          2
 Iskenderun's Battlesphe  Conj           52%        2d10      5%          5
 Apportation              Tloc           18%        N/A       6%          1
 Necrotize                Necr           36%        1d5       6%          1
 Summon Small Mammal      Summ           36%        N/A       6%          1
 Sublimation of Blood     Necr           9%         N/A       9%          2
 Summon Guardian Golem    Hex/Summ       19%        N/A       9%          3
 Iskenderun's Mystic Bla  Conj/Tloc      31%        2d8       11%         4
 Call Canine Familiar     Summ           9%         N/A       17%         3
 Irradiate                Conj/Tmut      15%        3d18      30%         5
 Petrify                  Tmut/Erth      9%         N/A       50%         4
 Starburst                Conj/Fire      20%        6d7       61%         6
 Conjure Ball Lightning   Conj/Air       15%        3x3d6     86%         6
 Orb of Destruction       Conj           26%        9d9       86%         7
 Summon Cactus Giant      Summ           4%         N/A       100%        6


Dungeon Overview and Level Annotations

Branches:
Dungeon (8/15)             Temple (1/1) D:4            Lair (1/6) D:8
Ossuary (visited)          Bailey (visited)           IceCv (1/1)

Altars:
Ashenzari
Cheibriados
Dithmenos
Elyvilon
Fedhas
Gozag
Hepliaklqana
Kikubaaqudgha
Makhleb
Nemelex Xobeh
Okawaru
Qazlal
Ru
Sif Muna
Trog
Uskayaw
Vehumet
Wu Jian
Xom
Yredelemnul
Zin
The Shining One

Shops:
D:1 ?   D:5 ?   D:7 *


Message History

The searing ray hits the white draconian.
The white draconian is severely wounded.
The white draconian breathes frost at you.
The blast of cold hits you! You resist.
The searing ray hits the white draconian.
The white draconian is severely wounded.
The white draconian breathes frost at you.
The blast of cold hits you! You resist.
* * * LOW HITPOINT WARNING * * *
The searing ray hits the white draconian but does no damage.
The white draconian is severely wounded.
You finish channelling your searing ray.
The white draconian breathes frost at you.
The blast of cold hits you. You resist.
* * * LOW HITPOINT WARNING * * *
You feel much better. The white draconian misses you.
Casting: Searing Ray (safe; 1% risk of failure)
Confirm with . or Enter, or press ? or * to list all spells.
Aiming: Searing Ray (safe; 1% risk of failure)
Press: ? - help, Shift-Dir - straight line, f/p - white draconian
Aim: a white draconian, wielding a +0 battleaxe and wearing a +4 ring of evasion (severely wounded, catching its breath, 74% to hit)
The searing ray hits the white draconian!
The white draconian is almost dead. (Press . to maintain the ray.)
The white draconian hits you with a +0 battleaxe!
Your resistance to cold fades away.
You feel protected from physical attacks.
The searing ray hits the white draconian.
The white draconian is almost dead.
The white draconian breathes frost at you.
The blast of cold misses you.
The searing ray hits the white draconian!
The white draconian is almost dead.
The white draconian hits you with a +0 battleaxe!
* * * LOW HITPOINT WARNING * * *
You feel more protected from physical attacks.
The searing ray misses the white draconian.
You finish channelling your searing ray.
The white draconian hits you with a +0 battleaxe!!
You die...

##..
##.## #..
#.#.# #..
#..##
#.## #.##
#..##
#..#
#...#
##.##
#.†#####
#..#
##d#...##
##.##
#.@.#..#
#.#.#
#.○##.##
##.##
##.#..#
##..#
###.###
#..##
#...##
##..#
###..##
##.##
##..##
#..##
##..#
##.#.
#..# ##..


You could see a white draconian.

Vanquished Creatures
  An orc knight (Bailey)
  2 ice statues (IceCv)
  4 rime drakes (IceCv)
  A komodo dragon (Lair:1)
  Sigmund (D:3)
  A death yak simulacrum (Lair:1)
  2 wargs (D:8)
  4 water moccasins
  8 orc warriors
  2 black bears
  4 sky beasts
  A phantom (D:5)
  3 bullfrogs
  2 necrophages
  2 elf zombies (Ossuary)
  A scorpion (D:6)
  4 lindwurm simulacra (IceCv)
  A howler monkey (D:6)
  A jelly (D:8)
  9 komodo dragon simulacra (IceCv)
  2 centaur zombies (Ossuary)
  2 hounds
  5 orc priests
  A human zombie (Ossuary)
  A gnoll shaman (D:6)
  8 iguanas
  7 orc wizards
  A polar bear simulacrum (Lair:1)
  Terence (D:3)
  A wolf simulacrum (Lair:1)
  A hound zombie (Ossuary)
  3 mummies (Ossuary)
  2 acid dragon simulacra (IceCv)
  8 gnolls
  6 adders
  A shadow imp (D:5)
  2 white imps
  An ufetubus (D:4)
  6 steam dragon simulacra (IceCv)
  5 adder zombies (Ossuary)
  A worm (D:2)
  A dart slug (D:4)
  40 orcs
  11 endoplasms
  2 giant cockroaches
  2 gnoll zombies (Ossuary)
  11 goblins
  7 hobgoblins
  7 jackals
  8 kobolds
  3 quokkas
  7 ball pythons
  5 bats
  4 frilled lizards
  2 goblin zombies (Ossuary)
  2 hobgoblin zombies (Ossuary)
  3 jackal zombies (Ossuary)
  4 kobold zombies (Ossuary)
  An orc zombie (Ossuary)
  2 quokka zombies (Ossuary)
  10 rats
  4 rat zombies (Ossuary)
255 creatures vanquished.

Vanquished Creatures (others)
  An orc warrior (Bailey)
  14 fulminant prisms
  A fungus (Lair:1)
  4 plants
20 creatures vanquished.

Grand Total: 275 creatures vanquished

Notes
Turn   | Place    | Note
-------+----------+-------------------------------------------
     0 | D:1      | elite277 the Human Conjurer began the quest for the Orb.
     0 | D:1      | Reached XP level 1. HP: 13/13 MP: 3/3
   202 | D:1      | Found Izyam's Magic Scroll Boutique.
   262 | D:1      | Reached XP level 2. HP: 19/19 MP: 0/5
   452 | D:1      | Found a faded altar of an unknown god.
   578 | D:1      | Reached XP level 3. HP: 15/24 MP: 0/6
   581 | D:1      | Learned a level 2 spell: Searing Ray
  1782 | D:2      | Reached XP level 4. HP: 30/30 MP: 3/7
  1922 | D:1      | Bought a scroll of fog for 24 gold pieces
  1922 | D:1      | Bought a scroll of fear for 42 gold pieces
  2063 | D:3      | Noticed Terence
  2254 | D:2      | Reached XP level 5. HP: 35/35 MP: 4/9
  2323 | D:2      | Learned a level 3 spell: Dazzling Flash
  2764 | D:3      | Noticed Sigmund
  3131 | D:3      | Reached skill level 5 in Conjurations
  3360 | D:3      | Killed Terence
  3609 | D:3      | Killed Sigmund
  3610 | D:3      | Reached skill level 1 in Fighting
  3610 | D:3      | Reached skill level 1 in Short Blades
  3610 | D:3      | Reached XP level 6. HP: 24/43 MP: 1/10
  4126 | D:4      | Reached skill level 1 in Maces & Flails
  4127 | D:4      | Reached XP level 7. HP: 41/48 MP: 4/11
  4140 | D:4      | Reached skill level 1 in Throwing
  4170 | D:4      | HP: 1/48 [iguana (11)]
  4445 | D:4      | Found a staircase to the Ecumenical Temple.
  5020 | Temple   | Entered the Ecumenical Temple
  5224 | Temple   | Became a worshipper of Qazlal Stormbringer
  5264 | D:5      | Entered Level 5 of the Dungeon
  5616 | D:5      | Found a sand-covered staircase.
  5657 | Ossuary  | Entered an ossuary
  5991 | Ossuary  | Reached * piety under Qazlal
  6392 | Ossuary  | Reached XP level 8. HP: 40/54 MP: 1/14
  6397 | Ossuary  | Learned a level 4 spell: Fulminant Prism
  6523 | Ossuary  | Reached skill level 6 in Conjurations
  6778 | D:5      | Found Keppiav's Magic Scroll Shoppe.
  6794 | D:5      | Bought a scroll of identify for 28 gold pieces
  6794 | D:5      | Bought 2 scrolls of identify for 56 gold pieces
  6794 | D:5      | Bought a scroll of identify for 28 gold pieces
  7021 | D:5      | Reached ** piety under Qazlal
  7168 | D:5      | Reached skill level 1 in Hexes
  7182 | D:5      | Learned a level 4 spell: Flame Wave
  7358 | D:5      | Identified the +8 sling of Scorching Slow Death {speed,
                  | Int+7 Dex-4 SInv Stlth+}
  7434 | D:6      | Reached skill level 1 in Fire Magic
  7525 | D:6      | Found an iron altar of Okawaru.
  7529 | D:6      | Found a white marble altar of Elyvilon.
  7529 | D:6      | Found a radiant altar of Vehumet.
  7629 | D:6      | Reached skill level 1 in Ranged Weapons
  7648 | D:6      | Reached XP level 9. HP: 46/62 MP: 0/16
  8280 | D:7      | Reached *** piety under Qazlal
  8700 | D:7      | Found Ceogic's Assorted Antiques.
  8712 | D:7      | Reached skill level 5 in Spellcasting
  8776 | D:7      | Bought a scroll labelled GAUMNY MAPUST for 27 gold pieces
  9051 | D:8      | Found a flagged portal.
  9082 | D:8      | Reached skill level 5 in Ranged Weapons
  9102 | D:8      | Reached XP level 10. HP: 43/71 MP: 2/17
  9199 | Bailey   | Entered a bailey
  9281 | Bailey   | Reached **** piety under Qazlal
  9790 | Bailey   | Reached skill level 1 in Shields
 10245 | Bailey   | Reached skill level 5 in Fighting
 10379 | Bailey   | Noticed an orc knight
 10391 | Bailey   | Killed an orc knight
 10392 | Bailey   | Reached skill level 7 in Conjurations
 10591 | Bailey   | Learned a level 5 spell: Fireball
 10609 | D:8      | Found a staircase to the Lair.
 10732 | D:8      | Found an ancient bone altar of Kikubaaqudgha.
 11358 | Lair:1   | Entered Level 1 of the Lair of Beasts
 11389 | Lair:1   | Noticed a komodo dragon
 11397 | Lair:1   | Killed a komodo dragon
 11738 | Lair:1   | Found a frozen archway.
 11768 | IceCv    | Entered an ice cave
 11804 | IceCv    | Noticed a rime drake
 11815 | IceCv    | Killed a rime drake
 11946 | IceCv    | Noticed a rime drake
 11950 | IceCv    | Killed a rime drake
 11951 | IceCv    | Reached XP level 11. HP: 69/81 MP: 14/20
 12387 | IceCv    | Reached skill level 5 in Dodging
 12522 | IceCv    | Reached ***** piety under Qazlal
 12632 | IceCv    | Noticed a white draconian
 12637 | IceCv    | Reached skill level 8 in Conjurations
 13231 | IceCv    | Slain by a white draconian

Illustrated notes

Levels and vault maps discovered:
D:1:      amcnicky_arrival_feature_with_door, layout_basic, serial_shops,
          nicolae_shop_hallway_stairs, shapermc_ecumenical_altar_venn,
          corexii_hall_statues_l, minmay_ruptured
D:2:      layout_basic, hex_large
D:3:      layout_basic, hangedman_abyss_or_decor_lesser_grid, chequers_avenue,
          minmay_surrounded, uniq_sigmund, uniq_terence
D:4:      layout_basic, minmay_temple_entry_water_ring, serial_co_window_serial,
          co_window_paths_b, co_window_paths_a, co_window_corner_a,
          co_window_corner_a, co_window_corner_a, co_window_paths_a,
          co_window_paths_a, co_window_of_opportunity_b,
          co_window_of_opportunity_c, co_window_corner_ca, co_window_4corner_a,
          glass_columns_c, glass_columns_b, glass_columns_a
D:5:      layout_basic, nicolae_ossuary_entry_false_entrances, serial_shops,
          nicolae_square_shop
D:6:      layout_loops_ring, grunt_temple_overflow_open
D:7:      layout_rooms, nicolae_stop_n_shop_1
D:8:      layout_layer_cave, kiku_gazebo_garden_becter,
          erik_lair_orcish_takeover, enter_bailey_5
Temple:   mainiacjoe_temple_bowtie_tessellation
Lair:1:   layout_roguey, portal_ice_cave_entry_ice_simulacra
IceCv:    ice_cave_small_dragons

Skill      XL: |  1  2  3  4  5  6  7  8  9 10 11 |
---------------+----------------------------------+-----
Stealth        | 3 4 |  4.0
Conjurations   | 5 6 7 8 |  8.2
Fighting       | 1 2 4 6 |  6.4
Short Blades   | 1 |  1.9
Spellcasting   | 3 4 5 6 7 |  7.1
Maces & Flails | 1 2 |  2.8
Throwing       | 1 |  1.3
Dodging        | 3 4 5 |  5.0
Hexes          | 1 2 3 |  3.5
Fire Magic     | 1 2 3 |  3.5
Ranged Weapons | 2 5 6 |  6.2
Shields        | 2 |  2.3
Evocations     | |  0.4

Action                   |  1- 3 |  4- 6 |  7- 9 | 10-12 || total
-------------------------+-------+-------+-------+-------++-------
Melee: Unarmed           |    20 |       |       |       ||    20
       Dagger            |    23 |    37 |       |       ||    60
       Whip              |       |    24 |    58 |     6 ||    88
       Punch             |       |       |     1 |       ||     1
 Fire: Sling             |       |       |    98 |   117 ||   215
Throw: Dart              |       |     9 |       |       ||     9
 Cast: Magic Dart        |    41 |    36 |    95 |     7 ||   179
       Searing Ray       |     6 |    12 |    40 |    25 ||    83
       Dazzling Flash    |       |       |     2 |     8 ||    10
       Flame Wave        |       |       |     3 |     1 ||     4
       Fulminant Prism   |       |       |       |    14 ||    14
       Fireball          |       |       |       |    20 ||    20
Evoke: Wand              |       |       |     3 |       ||     3
  Use: Potion            |       |     3 |     3 |    12 ||    18
       Scroll            |       |     4 |    15 |    11 ||    30
 Stab: Sleeping          |       |     4 |       |       ||     4
Armor: Robe              |    10 |    16 |    49 |     8 ||    83
Dodge: Dodged            |    23 |    52 |    89 |    72 ||   236
       Repelled          |       |       |       |     1 ||     1
Block: Other             |       |       |    14 |    10 ||    24
       Orb               |       |       |       |    11 ||    11

Table legend: (Time is in decaauts)
 A = Elapsed time spent in this place.
 B = Non-inter-level travel time spent in this place.
 C = Inter-level travel time spent in this place.
 D = Time resting spent in this place.
 E = Time spent auto-exploring this place.
 F = Levels seen in this place.
 G = Mean time per level.
                   A        B        C        D        E       F      G
               +--------+--------+--------+--------+--------+-----+--------+
         Total |  13271 |  12943 |    328 |   4763 |   4043 |  13 | 1020.8 |
       Dungeon |   8695 |   8388 |    307 |   2075 |   3586 |   8 | 1086.9 |
        Temple |    230 |    209 |     21 |      0 |    169 |   1 |  230.0 |
          Lair |    407 |    407 |      0 |    157 |     74 |   1 |  407.0 |
       Ossuary |   1006 |   1006 |      0 |    666 |     23 |   1 | 1006.0 |
        Bailey |   1479 |   1479 |      0 |    823 |    191 |   1 | 1479.0 |
      Ice Cave |   1451 |   1451 |      0 |   1042 |      0 |   1 | 1451.0 |
               +--------+--------+--------+--------+--------+-----+--------+

Top non-repeatable levels by time:
     D:1: 1532 daAuts
  Bailey: 1479 daAuts
   IceCv: 1451 daAuts
     D:4: 1310 daAuts
     D:3: 1185 daAuts
     D:2: 1130 daAuts
 Ossuary: 1006 daAuts
     D:5: 968 daAuts
     D:8: 913 daAuts
     D:6: 846 daAuts
     D:7: 808 daAuts
  Lair:1: 407 daAuts
  Temple: 230 daAuts
